 Dungeon Crawl Stone Soup version 0.27.0-1-g7a089689b8 (webtiles) character file.

Game seed: 15155042825371203352

114 gimp the Ducker (level 4, 0/28 HPs)
             Began as a Tengu Warper on Aug 11, 2021.
             Slain by a hound (5 damage)
             ... on level 3 of the Dungeon.
             The game lasted 00:02:21 (2166 turns).

gimp the Ducker (Tengu Warper)                      Turns: 2166, Time: 00:02:21

Health: 0/28       AC:  5    Str: 12    XL:     4   Next: 98%
Magic:  8/8        EV: 12    Int: 14    God:
Gold:   35         SH:  0    Dex: 13    Spells: 7/7 levels left

rFire    . . .     SeeInvis .   e - +0 long sword
rCold    . . .     Faith    .   (no shield)
rNeg     . . .     Spirit   .   h - +0 ring mail
rPois    .         Reflect  .   (helmet restricted)
rElec    .         Harm     .   (no cloak)
rCorr    .         Rampage  .   (no gloves)
Will     .....                  (boots unavailable)
Stlth    +.........             (no amulet)
HPRegen  0.09/turn              (no ring)
MPRegen  0.11/turn              (no ring)

@: brilliant
A: beak, talons 3
a: no special abilities


You were on level 3 of the Dungeon.
You visited 1 branch of the dungeon, and saw 3 of its levels.

You collected 35 gold pieces.

Inventory:

Hand Weapons
 a - a +0 falchion
 e - a +0 long sword (weapon)
Missiles
 d - 5 boomerangs of dispersal (quivered)
 q - 2 boomerangs
Armour
 b - a +0 leather armour
 h - a +0 ring mail (worn)
Scrolls
 c - a scroll of blinking
 f - a scroll of noise {unknown}
 i - a scroll of teleportation {unknown}
 k - a scroll of enchant weapon {unknown}
 m - 2 scrolls of identify {unknown}
 o - 2 scrolls of fog {unknown}
Potions
 g - a potion of resistance {unknown}
 j - a potion of brilliance
 l - 2 potions of ambrosia {unknown}
 n - 2 potions of lignification {unknown}
 p - a potion of flight {unknown}


   Skills:
 + Level 3.2 Fighting
 - Level 2.1 Long Blades
 - Level 1.0 Throwing
 - Level 1.1 Armour
 * Level 4.6 Dodging
 - Level 2.0 Spellcasting
 - Level 2.4 Translocations


You had 7 spell levels left.
You didn't know any spells.
Your spell library contained the following spells:

 Spells                   Type           Power      Damage    Failure   Level
 Blink                    Tloc           N/A        N/A       30%         2
 Gell's Gravitas          Tloc           6%         N/A       52%         3
 Lesser Beckoning         Tloc           6%         N/A       52%         3
 Teleport Other           Tloc           12%        N/A       52%         3
 Ozocubu's Armour         Ice            2%         N/A       85%         3
 Manifold Assault         Tloc           12%        N/A       99%         5
 Metabolic Englaciation   Hex/Ice        1%         N/A       100%        5
 Simulacrum               Ice/Necr       1%         N/A       100%        6


Dungeon Overview and Level Annotations

Branches:
Dungeon (3/15)

Altars:


Innate Abilities, Weirdness & Mutations

You have a beak for a mouth.
You have claws for feet.


Message History

The orc hits you but does no damage.
You barely miss the orc.
The orc is lightly wounded.
The orc hits you with a +0 flail.
You take 5 damage, and have 17/28 hp.
You hit the orc. Your kick misses the orc.
The orc is heavily wounded.
The orc barely misses you.
You slash the orc!
You kill the orc!
The hound closely misses you.
You hit the hound. You peck the hound.
The hound is moderately wounded.
The hound misses you. The hound bites you.
You take 1 damage, and have 17/28 hp.
You closely miss the hound. Your kick misses the hound. You peck the hound.
The hound is heavily wounded.
The hound bites you. x2
You take 6 damage, and have 11/28 hp.
MASSIVE DAMAGE!!
You are too injured to fight recklessly!
Your ring mail prevents you from hitting the hound.
The hound is heavily wounded.
The hound bites you but does no damage. The hound bites you.
You take 2 damage, and have 9/28 hp.
Your ring mail prevents you from hitting the hound.
Your kick misses the hound.
The hound is heavily wounded.
The hound barely misses you.
You riposte.
You completely miss the hound. Your kick misses the hound. You peck the hound.
The hound is almost dead.
You closely miss the hound. Your kick misses the hound.
Your peck misses the hound.
The hound is almost dead.
The hound closely misses you. The hound bites you.
* * * LOW HITPOINT WARNING * * *
You take 4 damage, and have 5/28 hp.
It was a potion of brilliance.
You feel clever all of a sudden. The hound bites you but does no damage.
The hound bites you.
You die...

###.##..#
#.......######. .o.
.. ##.###.........
.. .. ##.##
##)####### ....
##.## ##.# .#. #..#
#.# # ..###.## ##.#
... #.#.##.# #.##
.....#)#@..#.###†.#
#....h).........#
##.###.#........#
#.....###.##
###.#.# #.# #.#.#
#. #.#.# #. #.#.#


You could see a hound.

Vanquished Creatures
  An orc wizard (D:3)
  2 adders
  A worm (D:3)
  A dart slug (D:3)
  7 orcs (D:3)
  6 endoplasms
  6 giant cockroaches
  4 goblins
  A hobgoblin (D:1)
  2 jackals (D:3)
  4 quokkas
  7 ball pythons
  6 bats
  3 frilled lizards
  3 kobolds (D:1)
  5 rats
59 creatures vanquished.

Notes
Turn   | Place    | Note
-------+----------+-------------------------------------------
     0 | D:1      | gimp the Tengu Warper began the quest for the Orb.
     0 | D:1      | Reached XP level 1. HP: 12/12 MP: 4/4
    85 | D:1      | Found a faded altar of an unknown god.
   238 | D:1      | Reached XP level 2. HP: 16/17 MP: 6/6
   412 | D:1      | Reached skill level 3 in Dodging
  1024 | D:1      | Reached XP level 3. HP: 20/22 MP: 7/7
  1887 | D:3      | Reached skill level 4 in Dodging
  1887 | D:3      | Reached XP level 4. HP: 26/27 MP: 8/8
  2166 | D:3      | Slain by a hound

Illustrated notes

Levels and vault maps discovered:
D:1:      dpeg_arrival_windows_large_door, layout_loops_cross,
          ebering_ecumenical_altar_petrified
D:2:      layout_loops_ring
D:3:      minmay_skewed_foursquare, layout_loops_ring,
          chequers_serial_rivers_room_b

Skill      XL: |  1  2  3  4 |
---------------+-------------+-----
Dodging        | 3 4 |  4.6
Fighting       | 3 |  3.2
Long Blades    | |  2.1
Throwing       | |  1.0
Armour         | |  1.1
Spellcasting   | |  2.0
Translocations | |  2.4

Action                   |  1- 3 |  4- 6 || total
-------------------------+-------+-------++-------
Melee: Falchion          |    23 |       ||    23
       Kick              |    20 |     7 ||    27
       Peck              |     8 |    12 ||    20
       Long sword        |    64 |    46 ||   110
  Use: Potion            |       |     1 ||     1
Armor: Leather armour    |    25 |       ||    25
       Ring mail         |    13 |    16 ||    29
Dodge: Dodged            |    71 |    30 ||   101
       Rpst.: Falchion   |     4 |       ||     4
       Long sword        |    15 |    12 ||    27
